 Dungeon Crawl Stone Soup version 0.31.0-12-g77e489cdc1 (webtiles) character file.

Game seed: 8262205940156999167

128 Gadfly the Sneak (level 4, -4/22 HPs)
             Began as a Spriggan Enchanter on Feb 17, 2024.
             Slain by a sleepcap (19 damage)
             ... on level 3 of the Dungeon.
             The game lasted 00:03:59 (2562 turns).

Gadfly the Sneak (Spriggan Enchanter)               Turns: 2562, Time: 00:04:00

Health: -4/22      AC:  3    Str:  4      XL:     4   Next: 87%
Magic:  10/10      EV:  4    Int: 14 (16) God:
Gold:   141        SH:  0    Dex: 17      Spells: 4/9 levels left

rFire   . . .        b - +3 dagger (elec)
rCold   . . .        (no shield)
rNeg    . . .        h - +1 robe
rPois   .            (helmet restricted)
rElec   .            (no cloak)
rCorr   .            (gloves unavailable)
SInv    +            (boots unavailable)
Will    +....        (no amulet)
Stlth   +++          o - ring of willpower
HPRegen 0.23/turn    (no ring)
MPRegen 0.12/turn

%: no passive effects
@: sleeping, very quick
A: very small, no large weapons, unfitting armour, see invisible, speed 3
a: no special abilities


You were on level 3 of the Dungeon.
You visited 1 branch of the dungeon, and saw 3 of its levels.

You collected 141 gold pieces.

Inventory:

Hand Weapons
 a - a +1 dagger of venom
 b - a +3 dagger of electrocution (weapon)
 i - a +1 dagger
Armour
 h - a +1 robe (worn)
Magical Staves
 e - a staff of cold
Jewellery
 o - a ring of willpower (left hand)
Scrolls
 f - a scroll of enchant armour
 g - a scroll of fear
 l - a scroll of identify
 m - a scroll of torment
 p - a scroll of teleportation
Potions
 c - 3 potions of invisibility
 d - a potion of lignification
 j - 2 potions of curing {unknown}
 k - a potion of resistance {unknown}
 n - a potion of attraction {unknown}
 q - a potion of magic {unknown}
 r - a potion of might {unknown}


   Skills:
 + Level 1.1 Fighting
 + Level 2.4 Short Blades
 + Level 3.5 Dodging
 + Level 5.1 Stealth
 + Level 3.3 Spellcasting
 + Level 4.1 Hexes
 + Level 1.9 Evocations


You had 4 spell levels left.
You knew the following spells:

 Your Spells              Type           Power      Damage    Failure   Level
a - Ensorcelled Hibernat  Hex/Ice        16%        N/A       13%         2
b - Confusing Touch       Hex            14%        N/A       11%         3

Your spell library contained the following spells:

 Spells                   Type           Power      Damage    Failure   Level
 Tukima's Dance           Hex            14%        N/A       11%         3
 Dazzling Flash           Conj/Hex       16%        N/A       26%         3
 Lesser Beckoning         Tloc           4%         N/A       30%         2
 Fugue of the Fallen      Necr           2%         N/A       52%         3
 Gell's Gravitas          Tloc           2%         N/A       52%         3
 Ozocubu's Armour         Ice            2%         N/A       52%         3
 Passwall                 Erth           2%         N/A       52%         3
 Swiftness                Air            2%         N/A       52%         3
 Teleport Other           Tloc           2%         N/A       52%         3
 Manifold Assault         Tloc           2%         N/A       90%         4


Dungeon Overview and Level Annotations

Branches:
Dungeon (3/15)

Altars:
Qazlal
Ru


Innate Abilities, Weirdness & Mutations

You are very small and have problems with some larger weapons.
You are too small for most types of armour.
You have supernaturally acute eyesight. (SInv)
You cover ground extremely quickly. (Speed+++)


Message History

No target in view!
No target in view!
No target in view!
No target in view!
No target in view!
No target in view!
No target in view!
No target in view!
No target in view!
You now have 141 gold pieces (gained 12).
Found a stone staircase leading up.
You see here a bat corpse.
You see here a bat corpse.
There is an open door here.
There is an open door here.
You open the gate. 2 sleepcaps come into view.
Found a hat.
There are monsters nearby!
There are monsters nearby!
There are monsters nearby!
A sleepcap comes into view.
There is an open gate here.
The sleepcap releases spores at you but does no damage.
You hit the sleepcap.
The sleepcap is lightly damaged.
The sleepcap closely misses you. The sleepcap barely misses you.
You can't see any susceptible monsters within range! (Use Z to cast anyway.)
You hit the sleepcap but do no damage.
The sleepcap is lightly damaged.
The sleepcap releases spores at you. The sleepcap misses you.
The sleepcap barely misses you.
You hit the sleepcap.
The sleepcap is moderately damaged.
The sleepcap misses you. The sleepcap releases spores at you.
You are engulfed in a cloud of soporific spores!
You fall asleep.
The sleepcap releases spores at you!!
Ouch! That really hurt!
You die...

########## ## ####........#
#[ ............###.##
.............#...#
.........#.###...##
............#..fff#
.........#.##...@.#
#####.......##'''##
#..)..........######
#####........#.........#
....#............#####.#
###.#....###.#.#.# #.# #
#.#............# #.#### #
#.#...#.....##.## #.##.#
###.#.......>.....####.##.#


You could see 3 sleepcaps.

Vanquished Creatures
  An iguana (D:3)
  A gnoll (D:1)
  3 adders
  6 orcs (D:3)
  5 ball pythons
  3 endoplasms
  13 giant cockroaches
  3 goblins
  3 hobgoblins
  2 jackals (D:1)
  A quokka (D:2)
  3 bats
  3 frilled lizards
  5 kobolds
  2 rats
54 creatures vanquished.

Notes
Turn   | Place    | Note
-------+----------+-------------------------------------------
     0 | D:1      | Gadfly the Spriggan Enchanter began the quest for the Orb.
     0 | D:1      | Reached XP level 1. HP: 9/9 MP: 5/5
   178 | D:1      | Reached XP level 2. HP: 13/13 MP: 6/6
   181 | D:1      | Learned a level 2 spell: Ensorcelled Hibernation
   499 | D:1      | Reached skill level 1 in Evocations
   572 | D:1      | Reached XP level 3. HP: 17/17 MP: 4/8
   576 | D:1      | Learned a level 3 spell: Confusing Touch
  1060 | D:2      | Found a faded altar of an unknown god.
  1931 | D:3      | Reached XP level 4. HP: 15/21 MP: 9/9
  2065 | D:3      | Reached skill level 1 in Fighting
  2065 | D:3      | Reached skill level 5 in Stealth
  2234 | D:3      | Found a sacrificial altar of Ru.
  2270 | D:3      | Found a stormy altar of Qazlal.
  2562 | D:3      | Slain by a sleepcap

Illustrated notes

Levels and vault maps discovered:
D:1:      minmay_arrival_split_and_join, layout_rooms
D:2:      layout_basic, hellmonk_ecumenical_altar_pennies_from_heaven
D:3:      minmay_roachtagon, layout_basic, mainiacjoe_overflow_catch_the_wave,
          grunt_ministairs_5, hellmonk_no_cap, uniq_natasha

Skill      XL: |  1  2  3  4 |
---------------+-------------+-----
Dodging        | 3 |  3.5
Evocations     | 1 |  1.9
Spellcasting   | 3 |  3.3
Short Blades   | 2 |  2.4
Hexes          | 4 |  4.1
Fighting       | 1 |  1.1
Stealth        | 5 |  5.1

Action                     |  1- 3 |  4- 6 || total
---------------------------+-------+-------++-------
  Melee: Dagger            |    89 |    52 ||   141
   Cast: Ensorcelled Hiber |    13 |     3 ||    16
    Use: Scroll            |    10 |       ||    10
         Potion            |     1 |       ||     1
   Stab: Sleeping          |    15 |     3 ||    18
 Armour: Robe              |    30 |    19 ||    49
  Dodge: Dodged            |    64 |    63 ||   127
